 Dungeon Crawl Stone Soup version 0.29-a0-962-gc8bbfd0a37 (webtiles) character file.

Game seed: 16415399150857532070

129652 mcwallace the Stormcaller (level 16, -24/76 HPs)
             Began as a Deep Elf Fire Elementalist on July 30, 2022.
             Was a High Priest of Vehumet.
             Annihilated by a radroach (35 damage)
             ... on level 1 of the Spider Nest.
             The game lasted 02:17:02 (33530 turns).

mcwallace the Stormcaller (DEFE)                   Turns: 33530, Time: 02:17:03

Health: -24/76     AC: 12    Str:  5    XL:     16   Next: 51%
Magic:  0/32       EV: 20    Int: 35    God:    Vehumet [*****.]
Gold:   267        SH:  0    Dex: 15    Spells: 8/35 levels left

rFire   . . .      SeeInvis .   u - +6 arbalest "Damnation" {damnation, crossbow}
rCold   + + .      Faith    .   (shield currently unavailable)
rNeg    + . .      Spirit   +   n - +2 robe {Archmagi}
rPois   +          Reflect  .   a - +2 hat "Owkeu" {*Corrode Str+5 Int+8}
rElec   .          Harm     .   M - +2 cloak {rCorr}
rCorr   +          Rampage  .   L - +2 pair of gloves {hurl}
Will    +++..      Archmagi +   Z - +3 pair of mountain boots {steadfast, rC+}
Stlth   ++........              H - amulet of guardian spirit
HPRegen 0.22/turn               C - ring "Yhuwk" {rPois rC+ rN+ Str-5 Slay+3}
MPRegen 0.23/turn               R - ring of willpower

@: about to teleport, corroded, invisible
A: dopey 1, strong-willed 1, mutation resistance 1
a: Renounce Religion


You were on level 1 of the Spider Nest.
You worshipped Vehumet.
Vehumet was extremely pleased with you.
You visited 4 branches of the dungeon, and saw 23 of its levels.
You also visited: Gauntlet and Ice Cave.

You collected 2619 gold pieces.
You spent 2352 gold pieces at shops.


Innate Abilities, Weirdness & Mutations

You are dopey. (Int -2)
You are strong-willed. (Will+)
You are somewhat resistant to further mutation.


   Skills:
 + Level 14.2 Ranged Weapons
 - Level 15.9 Dodging
 - Level 2.4 Stealth
 - Level 5.0 Shields
 - Level 10.4 Spellcasting
 - Level 11.7 Conjurations
 - Level 12.1 Fire Magic
 + Level 17.0 Air Magic
 - Level 6.6 Evocations


You had 8 spell levels left.
You knew the following spells:

 Your Spells              Type           Power      Damage    Failure   Level
a - Foxfire               Conj/Fire      100%       2x1d9     0%          1
b - Scorch                Fire           100%       2d10      1%          2
c - Blink                 Tloc           54%        N/A       3%          2
d - Flame Wave            Conj/Fire      100%       2d21      1%          4
f - Ignite Poison         Fire/Tmut/Pois 63%        N/A       1%          3
g - Freezing Cloud        Conj/Ice/Air   45%        6-21      1%          5
h - Searing Ray           Conj           100%       2d8       1%          2
i - Maxwell's Capacitive  Air            58%        ∞         4%          8

Your spell library contained the following spells:

 Spells                   Type           Power      Damage    Failure   Level
 Irradiate                Conj/Tmut      36%        3d23      1%          5
 Magic Dart               Conj           100%       1d8       0%          1
 Static Discharge         Conj/Air       100%       3-16/arc  0%          2
 Sandblast                Erth           54%        2d13      1%          1
 Conjure Flame            Conj/Fire      100%       6-21      1%          3
 Dazzling Flash           Conj/Hex       100%       N/A       1%          3
 Inner Flame              Hex/Fire       74%        N/A       1%          3
 Mephitic Cloud           Conj/Pois/Air  91%        N/A       1%          3
 Stone Arrow              Conj/Erth      100%       3d13      1%          3
 Fulminant Prism          Conj/Hex       36%        3d18      1%          4
 Sticky Flame             Conj/Fire      100%       2d11      1%          4
 Fireball                 Conj/Fire      50%        3d20      1%          5
 Lightning Bolt           Conj/Air       54%        1d76      1%          5
 Silence                  Hex/Air        43%        N/A       1%          5
 Starburst                Conj/Fire      50%        6d14      1%          6
 Apportation              Tloc           54%        N/A       2%          1
 Call Imp                 Summ           27%        N/A       3%          2
 Passwall                 Tmut/Erth      22%        N/A       3%          2
 Lesser Beckoning         Tloc           27%        N/A       7%          3
 Ice Form                 Ice/Tmut       27%        N/A       24%         4
 Summon Ice Beast         Ice/Summ       27%        N/A       24%         4
 Ignition                 Fire           50%        3d14      26%         8
 Agony                    Necr           27%        N/A       54%         5
 Alistair's Intoxication  Tmut/Pois      18%        N/A       54%         5
 Manifold Assault         Tloc           27%        N/A       54%         5
 Summon Forest            Summ/Tloc      13%        N/A       54%         5
 Eringya's Noxious Bog    Tmut/Pois      13%        N/A       63%         6
 Summon Hydra             Summ           13%        N/A       100%        7
 Fire Storm               Conj/Fire      50%        8d13      98%         9

Inventory:

Hand Weapons
 c - the +6 spear of the Slime-mould {venom, rF+ Will+ Str+2, polearm}
   (You found it on level 5 of the Lair of Beasts)

   It poisons the flesh of those it strikes.
   Str:       It affects your strength (+2).
   rF:        It protects you from fire.
   Will:      It increases your willpower.
 u - the +6 arbalest "Damnation" (weapon) {damnation, crossbow}
   (You found it on level 5 of the Lair of Beasts)

   Any ammunition fired from it explodes in a burst of damnation on striking a
   foe, dealing damage which bypasses armour.
Missiles
 p - 3 curare-tipped darts {=fthrowing}
 B - 25 poisoned darts {throwing}
Armour
 a - the +2 hat "Owkeu" (worn) {*Corrode Str+5 Int+8}
   (You found it on level 11 of the Dungeon)

   Str:       It affects your strength (+5).
   Int:       It affects your intelligence (+8).
   *Corrode:  It may corrode you when you take damage.
 n - a +2 robe of the Archmagi (worn)
   (You bought it in a shop on level 1 of the Dungeon)
 L - a +2 pair of gloves of hurling (worn)
   (You bought it in a shop on level 1 of the Dungeon)
 M - a +2 cloak of preservation (worn)
   (You found it on level 14 of the Dungeon)
 S - a +0 buckler of fire resistance
   (You took it off a spriggan on level 1 of the Lair of Beasts)
 Z - the +3 pair of mountain boots (worn) {steadfast, rC+}
   (You found it in a Gauntlet)

   It prevents involuntary movement, except for blinking, teleportation, or
   banishment.
   rC:        It protects you from cold.
Magical Staves
 b - a staff of cold {!astaff}
   (You took it off a minotaur in a Gauntlet)
 D - a staff of fire {!astaff}
   (You took it off a vampire on level 8 of the Dungeon)
 O - a staff of conjuration {!a@e2staff}
   (You found it on level 8 of the Dungeon)
Jewellery
 C - the ring "Yhuwk" (left hand) {rPois rC+ rN+ Str-5 Slay+3}
   (You bought it in a shop on level 10 of the Dungeon)

   [ring of protection from cold]

   Str:       It affects your strength (-5).
   Slay:      It affects your accuracy & damage with ranged weapons and melee
   (+3).
   rC:        It protects you from cold.
   rPois:     It protects you from poison.
   rN:        It protects you from negative energy.
 G - a ring of wizardry
   (You found it on level 9 of the Dungeon)
 H - an amulet of guardian spirit (around neck)
   (You found it on level 4 of the Dungeon)
 R - a ring of willpower (right hand)
   (You found it on level 5 of the Dungeon)
 Y - a ring of resist corrosion
   (You found it on level 5 of the Lair of Beasts)
Wands
 f - a wand of polymorph (19)
   (You took it off a wight on level 6 of the Dungeon)
 A - a wand of roots (10)
   (You found it in a Gauntlet)
 U - a wand of mindburst (10)
   (You found it on level 11 of the Dungeon)
 W - a wand of charming (20)
   (You found it on level 1 of the Lair of Beasts)
Scrolls
 e - 3 scrolls of poison {!r}
 h - a scroll of summoning
 i - 4 scrolls of vulnerability {!r!r}
 l - 3 scrolls of magic mapping {!r}
 x - a scroll of immolation {!r!r}
 z - 5 scrolls of fear
 E - 5 scrolls of teleportation {@r4}
 F - 2 scrolls of brand weapon
 K - 5 scrolls of enchant weapon
 P - 3 scrolls of butterflies
 V - a scroll of silence {unknown}
Potions
 g - 3 potions of haste {@q3}
 j - 2 potions of might
 m - a potion of attraction {!q}
 q - 8 potions of lignification {!q}
 r - 2 potions of invisibility
 s - 4 potions of flight
 t - 12 potions of ambrosia
 v - 3 potions of resistance
 y - 2 potions of magic
 N - 5 potions of mutation {!q}
 Q - 5 potions of curing {@q1}
 T - 3 potions of brilliance
 X - 2 potions of cancellation
Miscellaneous
 d - a phial of floods
   (You found it on level 2 of the Lair of Beasts)
 o - a condenser vane (inert)
   (You found it on level 8 of the Dungeon)
 w - a phantom mirror
   (You found it on level 8 of the Dungeon)
 I - a tin of tremorstones (2/2) {throwing}
   (You found it on level 5 of the Lair of Beasts)

Dungeon Overview and Level Annotations

Branches:
Dungeon (15/15) Zot: 25951  Temple (0/1) D:6            Lair (5/5) D:10 Zot: 21787
  Swamp (0/4) Lair:2       Spider (1/4) Lair:3 Zot: 5973   Slime (0/5) Lair:5
    Orc (2/2) D:9 Zot: 10377     Elf (0/3) Orc:2        Vaults (0/5) D:13
 Depths (0/4) D:15          IceCv (visited)         Gauntlet (visited)

Altars:
Ashenzari
Elyvilon
Fedhas
Gozag
Kikubaaqudgha
Makhleb
Okawaru
Sif Muna
Trog
Uskayaw
Vehumet
Xom
Jiyva
Lugonu

Shops:
D:1 :[!   D:5 **   D:10 ((=(   D:11 *   D:12 !   D:14 [   Orc:2 ?==

Annotations:
Lair:5 2 transporters, Yogidamonk's ghost, journeyman MiFi . ..... ..... .............#... ss.................

.....#..##..#...#/s
....>......s.......
....#..§§....#......#.
..:.....#§§§††§.s....#
.......§§○§§#s...#..##
#...s..†§§†w@#.....#
.......§.§<§§B....##
..#....§§§☼§.#....#
.......§§§§#......#
........§§[........#
.......§#§..#...#...
....s...............
^.....#....#...#....
#..#..............


You could see a radroach (unable to see you, very poisoned), a steelbarb worm
(unable to see you, extremely poisoned), a wolf spider (wandering, unable to see
you), a tarantella (wandering, unable to see you) and a redback (unable to see
you).


Message History

You kill the jumping spider!
Vehumet accepts your kill.
You feel your power returning.
The redback is engulfed in poison gas.
The redback looks even sicker.
The redback is engulfed in poison gas.
The redback looks as sick as possible!
The jumping spider pounces on you!
* * * LOW HITPOINT WARNING * * *
You are caught in a web!
The jumping spider bites you but does no damage.
The steelbarb worm looks as sick as possible!
The steelbarb worm is engulfed in poison gas.
The steelbarb worm looks as sick as possible! 😱 HP[-3] MP[+2]
You take 3 damage, and now have 10/76 hp.
You regained 2 mp, and now have 15/32 mp.
A wave of flame ripples out!
The flame wave engulfs the jumping spider!!
You kill the jumping spider!
Vehumet accepts your kill.
You feel your power returning.
The flame wave engulfs the wolf spider!!
The flame wave engulfs the redback!
The flame wave engulfs the radroach!
The flame wave engulfs the redback!
You hear a faint skittering sound.
You hear a skittering sound.
You hear a faint skittering sound. x3
You kill the redback!
Vehumet accepts your kill. x2
You feel your power returning.
You feel a bit more experienced.
The redback looks as sick as possible!
A redback comes into view.
The redback is engulfed in poison gas.
The redback looks even sicker.
The redback is engulfed in poison gas.
The redback looks even sicker.
The wolf spider barely misses you.
The wolf spider bites you but does no damage.
The redback is engulfed in poison gas.
The redback looks as sick as possible!
You kill the redback!
Vehumet accepts your kill.
You feel your power returning.
You hear a faint skittering sound. x3
Your Air Magic skill increases to level 17! 😱 MP[+8]
You regained 8 mp, and now have 23/32 mp.
A wave of flame ripples out!
The flame wave engulfs the redback.
The flame wave engulfs the wolf spider!!
The flame wave engulfs the steelbarb worm!
The steelbarb worm resists.
The flame wave engulfs the redback!!
The flame wave engulfs the radroach!!
You finish channelling waves of flame.
You hear a faint skittering sound.
You hear a shout!
You hear a faint skittering sound.
You kill the redback!
Vehumet accepts your kill.
You feel your power returning.
The steelbarb worm is engulfed in poison gas.
The steelbarb worm looks as sick as possible!
A tarantella comes into view.
The redback is engulfed in poison gas.
The redback looks even sicker.
You kill the redback!
Vehumet accepts your kill.
You feel your power returning. The wolf spider hits you!
* * * LOW HITPOINT WARNING * * *
Your corrosive artefact corrodes you!
The wolf spider bites you!
* * * LOW HITPOINT WARNING * * *
The jumping spider looks even sicker.
The redback closely misses you. 😱 HP[-5] MP[-11]
You take 5 damage, and now have 5/76 hp.
You lost 11 mp, and now have 12/32 mp.
Casting: Flame Wave (safe; 1% risk of failure)
Confirm with . or Enter, or press ? or * to list all spells.
You feel a surge of power!
You blink.
You kill the jumping spider!
Vehumet accepts your kill.
You feel your power returning. The radroach barely misses you.
The radroach claws you but does no damage.
The redback closely misses you.
Casting: Blink (safe; 3% risk of failure)
Confirm with . or Enter, or press ? or * to list all spells.
You are still too unstable to blink.
Unknown command.
Unknown command.
The barbs in your skin will harm you if you move.
Continue?
Okay, then.
As you read the scroll of teleportation {@r4}, it crumbles to dust.
You feel strangely unstable.
The steelbarb worm is engulfed in poison gas.
The steelbarb worm looks as sick as possible!
The steelbarb worm closely misses you. The redback barely misses you.
The radroach misses you. The radroach completely misses you.
The steelbarb worm looks as sick as possible!
The steelbarb worm closely misses you.
You feel better.
You carefully extract the barbed spikes from your body.
You feel stable enough to blink again. The redback completely misses you.
The steelbarb worm is engulfed in poison gas.
The steelbarb worm looks as sick as possible!
The steelbarb worm misses you.
The radroach erupts in a fountain of uncontrolled magic!
You are blasted with magical radiation!!!
You die...

Skill      XL: |  1  2  3  4  5  6  7  8  9 10 11 12 13 14 15 16 |
---------------+-------------------------------------------------+-----
Dodging        | 3 4 5 6 8 9 10 12 13 15 | 15.9
Conjurations   | 2 3 4 5 7 8 9 11 | 11.7
Air Magic      | 1 2 3 5 6 7 8 10 11 13 15 17 | 17.0
Spellcasting   | 4 5 6 7 9 10 | 10.4
Fire Magic     | 4 5 6 8 9 10 11 12 | 12.1
Evocations     | 6 |  6.6
Shields        | 1 4 5 |  5.0
Ranged Weapons | 5 11 14 | 14.2
Stealth        | |  2.4

Action                   |  1- 3 |  4- 6 |  7- 9 | 10-12 | 13-15 | 16-18 || total
-------------------------+-------+-------+-------+-------+-------+-------++-------
Melee: Short sword       |    36 |    10 |    15 |       |       |       ||    61
       Staff             |       |       |       |     3 |    35 |       ||    38
       Arbalest          |       |       |       |       |     1 |       ||     1
 Fire: Arbalest          |       |       |       |       |   207 |    54 ||   261
Throw: Dart              |       |       |     1 |     6 |     2 |       ||     9
       Stone             |       |       |       |     3 |       |       ||     3
 Cast: Foxfire           |   104 |    50 |   249 |   175 |    33 |       ||   611
       Scorch            |       |    15 |    46 |   162 |   119 |     8 ||   350
       Flame Wave        |       |       |     2 |    25 |    72 |    17 ||   116
       Blink             |       |       |     2 |     4 |     4 |     2 ||    12
       Sticky Flame      |       |       |       |     2 |       |       ||     2
       Ignite Poison     |       |       |       |     1 |     2 |       ||     3
       Freezing Cloud    |       |       |       |    36 |    93 |     4 ||   133
       Searing Ray       |       |       |       |     6 |     2 |       ||     8
       Maxwell's Capacit |       |       |       |       |       |     1 ||     1
Evoke: Wand              |       |       |       |     2 |     2 |       ||     4
       Condenser vane    |       |       |       |     1 |     1 |     1 ||     3
       Phantom mirror    |       |       |       |     1 |       |       ||     1
  Use: Scroll            |       |       |     9 |    16 |    12 |     4 ||    41
       Potion            |       |       |     1 |     8 |     5 |     4 ||    18
 Stab: Sleeping          |       |     1 |     1 |       |       |       ||     2
Armor: Robe              |    13 |     3 |    22 |    24 |    46 |    20 ||   128
Dodge: Dodged            |    32 |    10 |    61 |    84 |   171 |    70 ||   428
Block: Buckler           |       |       |       |     1 |    18 |       ||    19

Levels and vault maps discovered:
D:1:      wheals_arrival_shading, layout_loops_ring, serial_shops, shop_statue,
          shop, shop
D:2:      layout_basic, minivault_24
D:3:      layout_loops_cross, uniq_jessica, uniq_sigmund
D:4:      layout_loops_cross, grunt_temple_overflow_diamond,
          okawaru_metal_pillars_1_2, minmay_misc_feat_pillars, uniq_edmund
D:5:      layout_basic, serial_shops, shop, nicolae_elemental_shop,
          grunt_ministairs_11
D:6:      layout_cave_pods, nicolae_gozag_seed_capital, temple_pool_b
D:7:      layout_rooms, cheibrodos_ashenzari_chains,
          nicolae_elyvilon_temple_path
D:8:      minmay_the_grid_square_5x5_3x3 [minmay_the_grid_square_5x5_plus,
          minmay_the_grid_square_5x5_eight_small,
          minmay_the_grid_square_5x5_empty, minmay_the_grid_square_5x5_forky,
          minmay_the_grid_square_5x5_megaprize_checkered,
          minmay_the_grid_square_5x5_beaten_path,
          minmay_the_grid_square_5x5_longway, minmay_the_grid_square_5x5_comb,
          minmay_the_grid_square_5x5_inverted_slash], layout_rooms,
          grunt_temple_overflow_growth_and_decay, mainiacjoe_overflow_chevrons
D:9:      layout_loops_ring, nicolae_uskayaw_dance_hall, david_orc_5, uniq_erica
D:10:     layout_loops_ring, erik_lair_dragon, serial_shops,
          kennysheep_little_box, nicolae_shop_bloodbath_and_beyond,
          nicolae_shop_advertising_works [nicolae_subvault_shop_adworks],
          nicolae_square_shop
D:11:     kennysheep_kobold_lugonu_temple, layout_stronghold, serial_shops,
          shop, hangedman_minor_magic, uniq_josephine
D:12:     layout_roguey, serial_shops, shop, dk_noncrumbling_3, uniq_nergalle,
          uniq_kirke, uniq_jorgrun
D:13:     layout_cave_pods, lightli_vaults_fourway_checkpoint, special_room
          [special_room_bee], uniq_azrael, uniq_urug
D:14:     layout_roguey, serial_shops, nicolae_shop_stone,
          grunt_decor_mini_mirrors, gammafunk_ghost_hive
D:15:     gammafunk_enter_depths_forms, layout_rooms
Lair:1:   kb_forest_paths, layout_chaotic_city, gauntlet_entry_generic,
          minivault_23, evilmike_ambush [evilmike_ambush_outer_basic,
          evilmike_ambush_inner_wall_2]
Lair:2:   layout_roguey, palyth_hydra_swamp_entry, infiniplex_staircase_pool_2
Lair:3:   layout_regular_city, nicolae_spider_entry_orb_guardian, basic_altar,
          nzn_sisyphean_effort
Lair:4:   layout_layer_cave, serial_forest, infiniplex_forest_lined_3,
          infiniplex_forest_lined_4_way, infiniplex_forest_3_way,
          infiniplex_forest_clump_tiny, infiniplex_forest_zigzag_1,
          infiniplex_forest_3_way, infiniplex_forest_clump_small
Lair:5:   grunt_lair_end_beastmaster, layout_hall_layers, slime_entry_1,
          gammafunk_ghost_arena
Spider:1: layout_spider_delve, nicolae_spider_nook
Orc:1:    layout_caves, portal_ice_cave_entry_ice_simulacra
Orc:2:    grunt_orc_tribal_feast, layout_diamond_mine, nicolae_orc_lava_tube

Notes
Turn   | Place    | Note
-------+----------+-------------------------------------------
     0 | D:1      | mcwallace the Deep Elf Fire Elementalist began the quest
                  | for the Orb.
     0 | D:1      | Reached XP level 1. HP: 10/10 MP: 6/6
     0 | D:1      | magus.rc [v1.9.6]
   469 | D:1      | Found Zeugawn's Book Boutique.
   507 | D:1      | Reached XP level 2. HP: 15/15 MP: 6/8
   726 | D:1      | Found Onoe's Distillery.
  1330 | D:1      | Found Hureuc's Antique Armour Shoppe.
  1397 | D:2      | Reached XP level 3. HP: 19/19 MP: 6/10
  1610 | D:2      | Reached skill level 3 in Dodging
  2081 | D:2      | Reached skill level 2 in Conjurations
  2081 | D:2      | Reached skill level 1 in Air Magic
  2287 | D:2      | HP: 4/19 [poisoned by an adder]
  2576 | D:3      | Learned a level 2 spell: Scorch
  2704 | D:3      | Reached XP level 4. HP: 24/24 MP: 7/11
  2762 | D:3      | You add the spells Ignite Poison and Sticky Flame to your
                  | library.
  2859 | D:3      | Noticed Jessica
  2861 | D:3      | Killed Jessica
  2862 | D:3      | Reached skill level 4 in Spellcasting
  2923 | D:3      | Reached skill level 4 in Fire Magic
  3116 | D:3      | Noticed Sigmund
  3120 | D:3      | Killed Sigmund
  3121 | D:3      | Reached skill level 4 in Dodging
  3121 | D:3      | Reached skill level 3 in Conjurations
  3121 | D:3      | Reached skill level 2 in Air Magic
  3121 | D:3      | Reached XP level 5. HP: 28/28 MP: 5/14
  3297 | D:3      | Reached XP level 6. HP: 32/32 MP: 12/15
  3766 | D:4      | Reached skill level 5 in Spellcasting
  3950 | D:4      | Noticed Edmund
  3960 | D:4      | Killed Edmund
  3961 | D:4      | Reached XP level 7. HP: 29/36 MP: 0/16
  4078 | D:4      | You pick up a book of Lightning and begin reading...
  4078 | D:4      | You add the spells Static Discharge, Lightning Bolt and
                  | Maxwell's Capacitive Coupling to your library.
  4490 | D:4      | Found an iron altar of Okawaru.
  4546 | D:4      | Found a shimmering blue altar of Sif Muna.
  4552 | D:4      | Found a radiant altar of Vehumet.
  4556 | D:4      | Became a worshipper of Vehumet
  4560 | D:4      | Found a burning altar of Makhleb.
  4672 | D:1      | Bought a pair of embroidered gloves for 127 gold pieces
  4855 | D:5      | Entered Level 5 of the Dungeon
  4990 | D:5      | Reached skill level 5 in Fire Magic
  4990 | D:5      | Reached skill level 3 in Air Magic
  5065 | D:5      | Found Isit's Elemental Accessories.
  5209 | D:5      | Found Puycva Xenu's Assorted Antiques.
  5465 | D:5      | Reached skill level 5 in Dodging
  5465 | D:5      | Reached skill level 4 in Conjurations
  5694 | D:5      | You pick up a book of Spatial Translocations and begin
                  | reading...
  5694 | D:5      | You add the spells Blink, Lesser Beckoning and Manifold
                  | Assault to your library.
  5698 | D:5      | Learned a level 2 spell: Blink
  5703 | D:5      | Learned a level 4 spell: Flame Wave
  6009 | D:1      | Bought a runed robe for 62 gold pieces
  6009 | D:1      | Identified a +2 robe of the Archmagi (You bought it in a
                  | shop on level 1 of the Dungeon)
  6237 | D:6      | Reached skill level 6 in Spellcasting
  6300 | D:6      | Reached XP level 8. HP: 41/41 MP: 14/19
  6388 | D:6      | Found a staircase to the Ecumenical Temple.
  6582 | D:6      | Reached skill level 4 in Air Magic
  6593 | D:6      | Reached skill level 5 in Conjurations
  6597 | D:6      | Reached skill level 6 in Fire Magic
  6606 | D:6      | Reached skill level 6 in Dodging
  6816 | D:6      | Reached * piety under Vehumet
  6816 | D:6      | Offered knowledge of Magic Dart by Vehumet.
  6849 | D:6      | Found an opulent altar of Gozag.
  6931 | D:6      | Reached skill level 7 in Spellcasting
  7724 | D:7      | Reached skill level 5 in Air Magic
  7724 | D:7      | Reached XP level 9. HP: 43/45 MP: 10/22
  7866 | D:7      | You pick up a book of Conjurations {@e2} and begin
                  | reading...
  7866 | D:7      | You add the spells Magic Dart, Searing Ray and Fulminant
                  | Prism to your library.
  7904 | D:7      | Reached skill level 6 in Conjurations
  8098 | D:7      | Reached skill level 7 in Dodging
  8262 | D:7      | Reached skill level 7 in Fire Magic
  8366 | D:7      | Reached ** piety under Vehumet
  8366 | D:7      | Offered knowledge of Poisonous Vapours by Vehumet.
  8448 | D:7      | Found a white marble altar of Elyvilon.
  8531 | D:7      | Reached skill level 8 in Spellcasting
  8605 | D:7      | Found a broken altar of Ashenzari.
  9148 | D:8      | Found a bloodstained altar of Trog.
  9188 | D:8      | Found an ancient bone altar of Kikubaaqudgha.
  9190 | D:8      | Found a blossoming altar of Fedhas.
  9217 | D:8      | Noticed a two-headed ogre
  9228 | D:8      | Noticed a troll
  9228 | D:8      | Noticed a seven-headed hydra
  9240 | D:8      | HP: 5/45 [orc warrior/+0 trident (11)]
  9245 | D:8      | Noticed a boulder beetle
  9248 | D:8      | Noticed a cyclops
  9575 | D:8      | Learned a level 4 spell: Sticky Flame
  9694 | D:8      | Noticed a four-headed hydra
  9981 | D:8      | Killed a two-headed ogre
  9982 | D:8      | Reached skill level 8 in Dodging
  9982 | D:8      | Reached skill level 7 in Conjurations
  9982 | D:8      | Reached skill level 6 in Air Magic
 10097 | D:8      | Killed a four-headed hydra
 10098 | D:8      | Reached skill level 9 in Spellcasting
 10098 | D:8      | Reached skill level 8 in Fire Magic
 10098 | D:8      | Reached XP level 10. HP: 50/50 MP: 14/25
 10351 | D:8      | Identified the ring "Jeavud" {*Corrode rPois MP+9 Dex-4
                  | Slay+5}
 10475 | D:8      | Noticed a boulder beetle
 10606 | D:8      | HP: 9/50 [boulder beetle (7)]
 10747 | D:8      | HP: 11/50 [seven-headed hydra (8)]
 10748 | D:8      | Killed a seven-headed hydra
 10864 | D:8      | Killed a boulder beetle
 10865 | D:8      | Reached skill level 7 in Air Magic
 10869 | D:8      | Killed a cyclops
 10870 | D:8      | Reached skill level 9 in Dodging
 10870 | D:8      | Reached skill level 10 in Spellcasting
 10870 | D:8      | Reached skill level 8 in Conjurations
 11135 | D:8      | Learned a level 3 spell: Ignite Poison
 11144 | D:8      | Killed a boulder beetle
 11145 | D:8      | Reached skill level 9 in Fire Magic
 11204 | D:8      | Reached XP level 11. HP: 54/54 MP: 26/27
 11360 | D:8      | Offered knowledge of Dazzling Flash by Vehumet.
 11799 | D:9      | Noticed Erica
 11802 | D:9      | Noticed a two-headed ogre
 11805 | D:9      | Killed Erica
 11806 | D:9      | Reached skill level 1 in Evocations
 11869 | D:8      | Identified the +2 hand axe of the Boar {antimagic, rF- rC+
                  | SInv}
 11890 | D:8      | Reached skill level 2 in Evocations
 12000 | D:9      | Killed a two-headed ogre
 12068 | D:9      | You add the spells Mephitic Cloud and Freezing Cloud to
                  | your library.
 12352 | D:9      | Found a hide-covered altar of Uskayaw.
 12453 | D:9      | Reached skill level 3 in Evocations
 12689 | D:9      | Reached *** piety under Vehumet
 12829 | D:9      | Offered knowledge of Hailstorm by Vehumet.
 12917 | D:9      | Found a staircase to the Orcish Mines.
 13043 | D:9      | Learned a level 5 spell: Freezing Cloud
 13044 | D:10     | Entered Level 10 of the Dungeon
 13163 | D:10     | Found Atheosah's Antique Weapon Emporium.
 13183 | D:10     | Reached skill level 9 in Conjurations
 13183 | D:10     | Reached skill level 8 in Air Magic
 13224 | D:10     | Bought an ichor-stained quarterstaff for 171 gold pieces
 13224 | D:10     | Identified the +7 quarterstaff "Plog" {antimagic, Int+2}
                  | (You bought it in a shop on level 10 of the Dungeon)
 13236 | D:10     | Reached skill level 10 in Dodging
 13301 | D:10     | Reached skill level 4 in Evocations
 13511 | D:10     | Found Gyw Sizu's Weapon Boutique.
 13545 | D:10     | Noticed a skeletal warrior
 13908 | D:10     | Found a staircase to the Lair.
 14039 | D:10     | Reached skill level 5 in Evocations
 14216 | D:10     | Found Gojeaz's Weapon Shoppe.
 14289 | D:10     | Found Ozom Hiyd's Jewellery Shoppe.
 14330 | D:10     | Noticed a skeletal warrior
 14335 | D:10     | Noticed a skeletal warrior
 14481 | D:10     | Killed a skeletal warrior
 14702 | D:10     | Noticed a two-headed ogre
 14771 | Lair:1   | Entered Level 1 of the Lair of Beasts
 14777 | Lair:1   | Reached skill level 10 in Fire Magic
 14880 | Lair:1   | Reached skill level 6 in Evocations
 14924 | Lair:1   | Reached **** piety under Vehumet
 14926 | Lair:1   | Reached XP level 12. HP: 59/59 MP: 5/28
 14933 | Lair:1   | Offered knowledge of Yara's Violent Unravelling by Vehumet.
 14998 | Lair:1   | Found a gate leading to a gauntlet.
 15020 | Gauntlet | Entered a Gauntlet
 15020 | Gauntlet | Found a transporter.
 15106 | Gauntlet | Found a transporter.
 15108 | Gauntlet | Found a transporter.
 15127 | Gauntlet | Found a transporter.
 15132 | Gauntlet | Found a transporter.
 15136 | Gauntlet | Noticed an entropy weaver
 15138 | Gauntlet | Found a transporter.
 15159 | Gauntlet | Found a transporter.
 15173 | Gauntlet | Found a transporter.
 15191 | Gauntlet | Found a transporter.
 15196 | Gauntlet | Found a transporter.
 15213 | Gauntlet | Found a transporter.
 15217 | Gauntlet | Noticed a catoblepas
 15219 | Gauntlet | Found a transporter.
 15236 | Gauntlet | Found the +3 pair of mountain boots {steadfast, rC+}
 15238 | Gauntlet | Found a transporter.
 15247 | Gauntlet | Found a transporter.
 15249 | Gauntlet | Found a transporter.
 15266 | Gauntlet | Found a transporter.
 15271 | Gauntlet | Found a transporter.
 15318 | Gauntlet | Found a transporter.
 15541 | Gauntlet | Learned a level 2 spell: Searing Ray
 15740 | Gauntlet | Reached skill level 9 in Air Magic
 15760 | Gauntlet | Reached skill level 11 in Dodging
 15771 | Gauntlet | Gained mutation: You are strong-willed. (Will+) [potion of
                  | mutation]
 15771 | Gauntlet | Gained mutation: You are dopey. (Int -2) [potion of
                  | mutation]
 15771 | Gauntlet | Gained mutation: You are somewhat resistant to further
                  | mutation. [potion of mutation]
 15796 | Gauntlet | Reached skill level 10 in Conjurations
 15972 | Gauntlet | Noticed a minotaur
 15991 | Gauntlet | HP: 2/59 [minotaur/javelin (33)]
 16008 | Gauntlet | Killed a minotaur
 16165 | Gauntlet | You pick up a book of Party Tricks and begin reading...
 16165 | Gauntlet | You add the spells Apportation and Alistair's Intoxication
                  | to your library.
 16473 | Lair:1   | Reached skill level 11 in Fire Magic
 16711 | Lair:1   | HP: 12/59 [cloud of flame (6)]
 17315 | Lair:1   | You pick up a book of Geomancy and begin reading...
 17315 | Lair:1   | You add the spells Sandblast, Passwall and Stone Arrow to
                  | your library.
 17352 | Lair:1   | Upgraded the game from 0.29-a0-925-g0a7a3d12f8 to
                  | 0.29-a0-962-gc8bbfd0a37
 17352 | Lair:1   | magus.rc [v1.9.6]
 17435 | Lair:2   | Noticed an eight-headed hydra
 17444 | Lair:2   | Killed an eight-headed hydra
 17445 | Lair:2   | Reached skill level 12 in Dodging
 17454 | Lair:2   | Reached skill level 11 in Conjurations
 17454 | Lair:2   | Reached skill level 10 in Air Magic
 17683 | Lair:2   | Found a staircase to the Swamp.
 17684 | Lair:2   | Noticed a five-headed hydra
 17684 | Lair:2   | Noticed a five-headed hydra
 17687 | Lair:2   | Reached skill level 1 in Shields
 17687 | Lair:2   | Killed a five-headed hydra
 17688 | Lair:2   | Reached XP level 13. HP: 31/63 MP: 16/29
 18247 | Lair:2   | Reached ***** piety under Vehumet
 18247 | Lair:2   | Offered knowledge of Ozocubu's Refrigeration by Vehumet.
 18287 | Lair:2   | Reached skill level 2 in Shields
 19351 | Lair:3   | Reached skill level 12 in Fire Magic
 19362 | Lair:3   | Reached skill level 3 in Shields
 19601 | Lair:3   | You add the spells Summon Forest, Eringya's Noxious Bog and
                  | Summon Hydra to your library.
 19941 | Lair:3   | Found a shimmering altar of Xom.
 20118 | Lair:3   | Found a hole to the Spider Nest.
 20132 | Lair:3   | Reached skill level 13 in Dodging
 20286 | Lair:4   | Reached skill level 11 in Air Magic
 20287 | Lair:4   | Reached skill level 4 in Shields
 20299 | Lair:4   | HP: 12/63 [poisoned by a cane toad]
 20304 | Lair:4   | HP: 7/63 [poisoned by a cane toad]
 21126 | Lair:4   | Offered knowledge of Conjure Ball Lightning by Vehumet.
 21127 | Lair:4   | Reached XP level 14. HP: 68/68 MP: 30/30
 21179 | Lair:4   | You pick up a book of the Senses and begin reading...
 21179 | Lair:4   | You add the spells Dazzling Flash, Agony and Silence to
                  | your library.
 21745 | Lair:5   | Entered Level 5 of the Lair of Beasts
 21751 | Lair:5   | Found a staircase to the Slime Pits.
 21756 | Lair:5   | Reached skill level 14 in Dodging
 21756 | Lair:5   | Reached skill level 5 in Shields
 21982 | Lair:5   | Reached skill level 12 in Air Magic
 22411 | Lair:5   | Found a viscous altar of Jiyva.
 22422 | Lair:5   | Found a transporter.
 22623 | Lair:5   | Reached skill level 15 in Dodging
 22724 | Lair:5   | Identified the +6 spear of the Slime-mould {venom, rF+
                  | Will+ Str+2}
 23052 | Lair:5   | Reached skill level 13 in Air Magic
 23627 | Lair:5   | Found the +6 arbalest "Damnation" {damnation}
 23707 | Lair:5   | Found a transporter.
 23710 | Lair:5   | Noticed Yogidamonk's ghost (journeyman MiFi)
 23826 | Lair:5   | Got Xusoleag's Quarto of the Tundras
 24353 | D:11     | Found Axymitaj's General Store.
 24358 | D:11     | Reached skill level 1 in Ranged Weapons
 24375 | D:11     | Reached skill level 2 in Ranged Weapons
 24578 | D:11     | Reached skill level 3 in Ranged Weapons
 24583 | D:11     | You pick up a book of Minor Magic and begin reading...
 24585 | D:11     | You pick up a book of Minor Magic and begin reading...
 24592 | D:11     | Identified the +2 hat "Owkeu" {*Corrode Str+5 Int+8}
 24592 | D:11     | Identified the +5 robe "Feshriosk" {*Corrode +Blink rPois
                  | Regen+}
 24614 | D:11     | Learned a level 8 spell: Maxwell's Capacitive Coupling
 24813 | D:11     | Noticed Josephine
 24815 | D:11     | Found a corrupted altar of Lugonu.
 24824 | D:11     | Offered knowledge of Fireball by Vehumet.
 24832 | D:11     | Reached skill level 4 in Ranged Weapons
 24832 | D:11     | Killed Josephine
 25399 | D:12     | Reached skill level 5 in Ranged Weapons
 25399 | D:12     | Reached XP level 15. HP: 66/72 MP: 31/31
 25439 | D:12     | Noticed Kirke
 25446 | D:12     | Killed Kirke
 25447 | D:12     | Reached skill level 14 in Air Magic
 25584 | D:12     | Identified the +1 ring mail of the Sea {Will- Regen+ Dex+2}
 25598 | D:12     | Noticed Nergalle
 25601 | D:12     | Killed Nergalle
 25601 | D:12     | Noticed Jorgrun
 25602 | D:12     | Reached skill level 6 in Ranged Weapons
 25605 | D:12     | Killed Jorgrun
 26180 | D:12     | Found Batea's Distillery.
 26183 | D:12     | Bought a potion of haste for 170 gold pieces
 26183 | D:12     | Bought a potion of heal wounds for 85 gold pieces
 26206 | D:12     | You pick up a book of the Senses and begin reading...
 26222 | D:12     | Reached skill level 7 in Ranged Weapons
 26612 | D:13     | Noticed Urug
 26623 | D:12     | HP: 1/72 [boulder beetle (33)]
 26901 | D:10     | Offered knowledge of Lee's Rapid Deconstruction by Vehumet.
 26978 | D:10     | Bought the ring "Yhuwk" {rPois rC+ rN+ Str-5 Slay+3} for
                  | 637 gold pieces
 27067 | Orc:1    | Entered Level 1 of the Orcish Mines
 27123 | Orc:1    | Found a frozen archway.
 27141 | IceCv    | Entered an ice cave
 27149 | IceCv    | Found a transporter.
 27163 | IceCv    | Found a transporter.
 27240 | IceCv    | Reached skill level 8 in Ranged Weapons
 27894 | Orc:2    | Entered Level 2 of the Orcish Mines
 27936 | Orc:2    | Found a staircase to the Elven Halls.
 28440 | Orc:2    | Reached skill level 9 in Ranged Weapons
 28440 | Orc:2    | HP: 3/72 [orc knight/+1 battleaxe (18)]
 28447 | Orc:2    | Offered knowledge of Orb of Destruction by Vehumet.
 28598 | Orc:2    | Reached skill level 15 in Air Magic
 28618 | Orc:2    | Found Yrphat's Armour Emporium.
 28618 | Orc:2    | Found Woixtet's Jewellery Shop.
 28620 | Orc:2    | Found Biyxug's Jewellery Shop.
 28620 | Orc:2    | Found Urhiosm's Magic Scroll Emporium.
 28630 | Orc:2    | Bought a scroll of identify for 24 gold pieces
 29093 | D:5      | Bought Zaurch's Treatise on Combustion for 812 gold pieces
 29310 | D:13     | Killed Urug
 29597 | D:13     | You pick up a book of Fire and begin reading...
 29597 | D:13     | You add the spells Fireball and Ignition to your library.
 29719 | D:13     | Reached skill level 10 in Ranged Weapons
 30015 | D:13     | Noticed Azrael
 30022 | D:13     | Really attack while wielding the +6 arbalest "Damnation"
                  | {damnation, crossbow}?
 30022 | D:13     | Killed Azrael
 30030 | D:13     | Really attack while wielding the +6 arbalest "Damnation"
                  | {damnation, crossbow}?
 30433 | D:13     | Reached skill level 11 in Ranged Weapons
 30561 | D:13     | Found a gate to the Vaults.
 31214 | D:14     | You add the spells Ice Form and Summon Ice Beast to your
                  | library.
 31214 | D:14     | Got the Compendium of Firn
 31297 | D:14     | Offered knowledge of Irradiate by Vehumet.
 31315 | D:14     | Reached XP level 16. HP: 74/76 MP: 23/32
 31321 | D:14     | Reached skill level 16 in Air Magic
 31413 | D:14     | Found a transporter.
 31466 | D:14     | Found Tuizoeny's Armour Emporium.
 31476 | D:14     | Bought a +2 cloak for 264 gold pieces
 31524 | D:14     | Reached skill level 12 in Ranged Weapons
 31861 | D:14     | Found a transporter.
 31874 | D:14     | Noticed Faore's ghost (journeyman HOMo)
 32240 | D:14     | Killed Faore's ghost
 32322 | D:14     | Identified the +1 helmet "Jauffoar" {-Tele Fly rN+++
                  | Slay-2}
 32372 | D:15     | Entered Level 15 of the Dungeon
 32654 | D:15     | You pick up a book of Fire and begin reading...
 32876 | D:15     | Reached skill level 13 in Ranged Weapons
 33147 | D:15     | Found a staircase to the Depths.
 33504 | Spider:1 | Entered Level 1 of the Spider Nest
 33516 | Spider:1 | HP: 14/76 [radroach (14)]
 33520 | Spider:1 | HP: 3/76 [radroach (14)]
 33524 | Spider:1 | Reached skill level 14 in Ranged Weapons
 33525 | Spider:1 | HP: 10/76 [jumping spider (3)]
 33527 | Spider:1 | Reached skill level 17 in Air Magic
 33530 | Spider:1 | Annihilated by a radroach

Vanquished Creatures
  Jorgrun (D:12)
  Kirke (D:12)
  The ghost of Faore the Severer, a journeyman HOMo of Beogh (D:14)
  A very ugly thing (D:15)
  A minotaur (Gauntlet)
  Azrael (D:13)
  Josephine (D:11)
  A great orb of eyes (D:15)
  10 boulder beetles
  4 vault guards (D:13)
  8 hydras
  A rakshasa (D:15)
  Erica (D:9)
  A radroach (Spider:1)
  A hydra (shapeshifter) (D:15)
  A catoblepas (Lair:5)
  7 two-headed ogres
  4 tengu warriors
  17 death yaks
  Urug (D:13)
  A deep troll shaman (Lair:5)
  3 orc high priests (Orc:2)
  Nergalle (D:12)
  A steelbarb worm (Spider:1)
  4 skeletal warriors
  An orb spider (Lair:3)
  2 glowing orange brains (Gauntlet)
  6 orc knights
  2 lindwurms
  A deep elf zephyrmancer (D:11)
  5 wolf spiders (Spider:1)
  3 deep elf pyromancers
  2 manticores (D:13)
  7 orc sorcerers
  4 cyclopes
  12 ugly things
  A salamander (shapeshifter) (D:13)
  15 elephants
  A black mamba (Lair:5)
  2 ice statues (IceCv)
  A torpor snail (Lair:2)
  3 gargoyles
  2 unseen horrors
  3 minotaur zombies (Gauntlet)
  6 kobold demonologists
  3 rime drakes
  11 cane toads
  2 efreet
  A freezing wraith (IceCv)
  10 komodo dragons
  A tengu conjurer (D:13)
  3 trolls
  4 burning bushes (Lair:1)
  3 polar bears
  8 meliai
  2 queen bees
  9 tarantellas (Spider:1)
  A tarantella (shapeshifter) (D:13)
  2 hornets
  11 slime creatures
  24 dream sheep
  15 blink frogs
  6 flying skulls (Gauntlet)
  Sigmund (D:3)
  8 jumping spiders (Spider:1)
  5 culicivoras (Spider:1)
  A vampire (D:8)
  9 wraiths
  10 spriggans (Lair:1)
  57 yaks
  6 wyverns
  3 fire elementals (D:13)
  5 basilisks
  5 hogs (D:12)
  15 redbacks (Spider:1)
  A death yak simulacrum (Orc:1)
  4 wargs
  2 vampire mosquitoes (D:12)
  A harpy simulacrum (IceCv)
  2 acid dragons
  4 swamp worms
  13 water moccasins
  Edmund (D:4)
  4 hell hounds (D:13)
  2 swamp drakes
  27 orc warriors
  A sky beast (D:6)
  2 black bears
  13 wolves
  3 ogres
  6 centaurs
  A phantom (D:6)
  4 kobold brigands
  A necrophage (D:5)
  10 bullfrogs
  A gnoll sergeant (D:8)
  2 two-headed ogre simulacra (Orc:1)
  13 wights
  A cane toad simulacrum (Orc:1)
  33 killer bees
  A crimson imp (D:11)
  2 hounds
  A jelly (D:7)
  19 orc priests
  An iron imp (D:11)
  Jessica (D:3)
  2 iguanas
  40 orc wizards
  6 hell rats (Lair:2)
  A polar bear simulacrum (Orc:1)
  2 troll simulacra (Orc:1)
  3 wolf simulacra
  7 gnolls
  11 adders
  A shadow imp (D:11)
  3 white imps
  2 dart slugs (D:1)
  109 orcs
  5 ball pythons
  5 bats
  3 endoplasms
  3 giant cockroaches
  3 goblins
  5 hobgoblins
  3 jackals (D:4)
  A quokka (D:1)
  4 frilled lizards
  10 kobolds
  7 rats
  3 bushes
810 creatures vanquished.

Vanquished Creatures (collateral kills)
  21 foxfires
21 creatures vanquished.

Vanquished Creatures (others)
  2 orcs (Orc:2)
  6 demonic plants (D:11)
  996 foxfires
  50 fungi
  75 plants
  4 withered plants (D:8)
1133 creatures vanquished.

Grand Total: 1964 creatures vanquished

Table legend:
 A = Non-vault XP
 B = Vault XP
 C = Vault XP percentage of total XP
 D = Non-vault monster count
 E = Vault monster count
 F = Vault count percentage of total count
                 A         B        C        D         E       F
            +---------+---------+-------+---------+---------+-------
      Total |  110699 |   74519 |  40.2 |     549 |     258 |  32.0
            +---------+---------+-------+---------+---------+-------
        D:1 |      40 |       0 |   0.0 |      23 |       0 |   0.0
        D:2 |      49 |       0 |   0.0 |      10 |       0 |   0.0
        D:3 |      47 |     260 |  84.7 |      14 |       2 |  12.5
        D:4 |     195 |     157 |  44.6 |      12 |       1 |   7.7
        D:5 |     374 |      41 |   9.9 |      11 |       3 |  21.4
        D:6 |    1421 |       0 |   0.0 |      22 |       0 |   0.0
        D:7 |    1206 |     241 |  16.7 |      34 |       2 |   5.6
        D:8 |    1231 |    6202 |  83.4 |      21 |      16 |  43.2
        D:9 |    1676 |    1397 |  45.5 |      24 |      23 |  48.9
       D:10 |    4811 |    1221 |  20.2 |      19 |       5 |  20.8
       D:11 |    6262 |    4398 |  41.3 |      14 |      25 |  64.1
       D:12 |    7201 |    5091 |  41.4 |      32 |       8 |  20.0
       D:13 |    8065 |   12668 |  61.1 |      14 |      48 |  77.4
       D:14 |    5882 |    2567 |  30.4 |      13 |      10 |  43.5
       D:15 |    6635 |    5754 |  46.4 |      16 |       9 |  36.0
     Lair:1 |    4331 |    4908 |  53.1 |      22 |      20 |  47.6
     Lair:2 |    9962 |    2279 |  18.6 |      37 |       5 |  11.9
     Lair:3 |    4840 |    1588 |  24.7 |      21 |       2 |   8.7
     Lair:4 |   13126 |       0 |   0.0 |      39 |       0 |   0.0
     Lair:5 |   16464 |    9530 |  36.7 |      43 |      20 |  31.7
   Spider:1 |   12637 |       0 |   0.0 |      44 |       0 |   0.0
      Orc:1 |    3346 |     538 |  13.9 |      55 |       8 |  12.7
      Orc:2 |     898 |    7686 |  89.5 |       9 |      28 |  75.7
      IceCv |       0 |    1960 | 100.0 |       0 |       7 | 100.0
   Gauntlet |       0 |    6033 | 100.0 |       0 |      16 | 100.0
            +---------+---------+-------+---------+---------+-------

Illustrated notes

Table legend:
 A = Kills in this place as a percentage of kills in entire the game.
 B = Kills by you in this place as a percentage of kills by you in the entire game.
 C = Kills by friends in this place as a percentage of kills by friends in the entire game.
 D = Other kills in this place as a percentage of other kills in the entire game.
 E = Experience gained in this place as a percentage of experience gained in the entire game.
 F = Experience gained in this place divided by the number of levels of this place that you have seen.
                   A       B       C       D       E      F
               +-------+-------+-------+-------+-------+----------------------
         Total | 100.0 | 100.0 |   N/A |   N/A | 100.0 | 7408.7
       Dungeon |  53.4 |  53.4 |   N/A |   N/A |  45.9 | 5672.8
          Lair |  25.9 |  25.9 |   N/A |   N/A |  36.2 | 13405.6
   Spider Nest |   5.5 |   5.5 |   N/A |   N/A |   6.8 | 12637.0
  Orcish Mines |  12.4 |  12.4 |   N/A |   N/A |   6.7 | 6234.0
      Ice Cave |   0.9 |   0.9 |   N/A |   N/A |   1.1 | 1960.0
      Gauntlet |   2.0 |   2.0 |   N/A |   N/A |   3.3 | 6033.0
               +-------+-------+-------+-------+-------+----------------------

Table legend: (Time is in decaauts)
 A = Elapsed time spent in this place.
 B = Non-inter-level travel time spent in this place.
 C = Inter-level travel time spent in this place.
 D = Time resting spent in this place.
 E = Time spent auto-exploring this place.
 F = Levels seen in this place.
 G = Mean time per level.
                   A        B        C        D        E       F      G
               +--------+--------+--------+--------+--------+-----+--------+
         Total |  33720 |  31018 |   2702 |   4968 |  21041 |  25 | 1348.8 |
       Dungeon |  22291 |  20082 |   2209 |   2914 |  14197 |  15 | 1486.1 |
          Lair |   8212 |   7779 |    433 |   1412 |   5138 |   5 | 1642.4 |
   Spider Nest |     25 |     25 |      0 |      0 |      0 |   1 |   25.0 |
  Orcish Mines |   1622 |   1563 |     59 |    105 |   1209 |   2 |  811.0 |
      Ice Cave |    321 |    321 |      0 |    254 |      1 |   1 |  321.0 |
      Gauntlet |   1246 |   1246 |      0 |    283 |    495 |   1 | 1246.0 |
               +--------+--------+--------+--------+--------+-----+--------+

Top non-repeatable levels by time:
     D:7: 2161 daAuts
     D:8: 2090 daAuts
  Lair:5: 1860 daAuts
  Lair:1: 1850 daAuts
    D:12: 1774 daAuts
     D:9: 1723 daAuts
  Lair:4: 1677 daAuts
    D:10: 1625 daAuts
    D:11: 1623 daAuts
     D:1: 1605 daAuts
  Lair:2: 1573 daAuts
     D:6: 1536 daAuts
    D:13: 1482 daAuts
     D:3: 1268 daAuts
  Lair:3: 1251 daAuts
